 Dungeon Sprint DCSS version 0.28.0-53-g5a82cb258f (webtiles) character file.

Game seed: 17538972778930709025

298 Zeld the Cleaver (level 6, 0/93 HPs)
             Began as a Minotaur Berserker on June 16, 2022.
             Was a Priest of Trog.
             Slain by a queen bee (2 damage)
             ... in the Dungeon (Sprint IV: "Fedhas' Mad Dash").
             The game lasted 00:00:32 (792 turns).

Zeld the Cleaver (Minotaur Berserker)                Turns: 792, Time: 00:00:33

Health: 0/93       AC:  2    Str: 24    XL:     6   Next: 13%
Magic:  2/5        EV: 14    Int:  4    God:    Trog [***...]
Gold:   64         SH:  0    Dex:  9    Spells: 5/5 levels left

rFire   . . .      SeeInvis .   a - +0 hand axe
rCold   . . .      Faith    .   (no shield)
rNeg    . . .      Spirit   .   b - +0 animal skin
rPois   .          Reflect  .   (helmet restricted)
rElec   .          Harm     .   (no cloak)
rCorr   .          Rampage  .   (no gloves)
Will    .....      NoTele   +   (no boots)
Stlth   ..........              j - amulet of invisibility {+Inv}
HPRegen 0.25/turn               (no ring)
MPRegen 0.09/turn               (no ring)

@: berserking (expiring), lethally poisoned (0 -> -18), very slightly
contaminated, very quick
A: horns 2, retaliatory headbutt
a: Renounce Religion, Evoke Invisibility, Berserk, Trog's Hand


You were in the Dungeon.
You worshipped Trog.
Trog was most pleased with you.
You visited 1 branch You collected 64 gold pieces.

Inventory:

Hand Weapons
 a - a +0 hand axe (weapon)
Armour
 b - a +0 animal skin (worn)
Jewellery
 j - the amulet of invisibility (around neck) {+Inv}
   (You found it in the Dungeon)

   [amulet of nothing]

   +Inv:      It lets you turn invisible.
Scrolls
 h - a scroll of blinking
 i - a scroll of fear {unknown}
Potions
 c - a potion of curing
 d - a potion of heal wounds
 e - a potion of haste
 f - 2 potions of magic
 g - a potion of berserk rage


   Skills:
 + Level 8.5 Fighting
 * Level 11.4 Axes
 - Level 2.4 Armour
 + Level 7.3 Dodging


You had 5 spell levels left.
You didn't know any spells.
Your spell library was empty.

Dungeon Overview and Level Annotations

Branches:
Dungeon (1/1)

Altars:


Innate Abilities, Weirdness & Mutations

You have a pair of horns on your head.
You reflexively headbutt those who attack you in melee.


Message History

You slice the killer bee!!
You kill the killer bee!
Trog accepts your kill.
You slash the killer bee!
You kill the killer bee!
Trog accepts your kill.
You hit the queen bee.
* * * LOW HITPOINT WARNING * * *
You feel very sick. The queen bee barely misses you.
Your Fighting skill increases to level 8!
Your Axes skill increases to level 11!
Your Dodging skill increases to level 7!
You have reached level 6!
You hit the queen bee but do no damage.
The queen bee is moderately wounded.
You flicker back into view.
* * * LOW HITPOINT WARNING * * *
You feel very sick.
Unknown command.
Unknown command.
You slash the queen bee!
The queen bee is heavily wounded.
* * * LOW HITPOINT WARNING * * *
You feel very sick.
The queen bee stings you but does no damage.
Unknown command.
Unknown command.
You slash the queen bee! Your headbutt misses the queen bee.
The queen bee is severely wounded.
* * * LOW HITPOINT WARNING * * *
You feel sick.
Unknown command.
Unknown command.
You slash the queen bee! Your headbutt misses the queen bee.
The queen bee is almost dead.
* * * LOW HITPOINT WARNING * * *
You feel very sick. The queen bee stings you.
You die...

##################
#<..P#.÷...#.....#
#PP..'.....'.#[..+
#PPPP#.....#.#...#
###############'##
#..y♣........'...#
#..†@..♣.....#...#
#..†..♣..♣..######
##+####+#####


You could see a queen bee.

Vanquished Creatures
  A scorpion (D)
  4 killer bees (D)
  2 oklob saplings (D)
  A river rat (D)
  A rat (D)
9 creatures vanquished.

Notes
Turn   | Place    | Note
-------+----------+-------------------------------------------
     0 | D        | Zeld the Minotaur Berserker began the quest for the Orb.
     0 | D        | Reached XP level 1. HP: 19/19 MP: 0/0
     8 | D        | Reached skill level 5 in Axes
     8 | D        | Reached XP level 2. HP: 28/28 MP: 1/1
   292 | D        | Noticed an oklob sapling
   294 | D        | Killed an oklob sapling
   294 | D        | Noticed a scorpion
   295 | D        | Reached skill level 5 in Fighting
   295 | D        | Reached skill level 6 in Axes
   295 | D        | Reached XP level 3. HP: 36/36 MP: 2/2
   299 | D        | Killed a scorpion
   299 | D        | Reached ** piety under Trog
   300 | D        | Reached skill level 8 in Axes
   300 | D        | Reached skill level 5 in Dodging
   300 | D        | Reached XP level 4. HP: 31/45 MP: 3/3
   300 | D        | Found the amulet of invisibility {+Inv}
   775 | D        | Noticed a queen bee
   784 | D        | Reached skill level 9 in Axes
   784 | D        | Reached XP level 5. HP: 52/52 MP: 1/4
   788 | D        | Reached skill level 10 in Axes
   788 | D        | Reached *** piety under Trog
   789 | D        | Reached skill level 11 in Axes
   789 | D        | Reached XP level 6. HP: 12/62 MP: 2/5
   792 | D        | HP: 2/93 [poisoned by a killer bee]
   792 | D        | Slain by a queen bee

Illustrated notes

Levels and vault maps discovered:
D:        dungeon_sprint_fedhas [sprint_temple]

Skill      XL: |  1  2  3  4  5 |
---------------+----------------+-----
Fighting       | 4 5 6 7 8 |  8.5
Axes           | 5 6 8 9 11 | 11.4
Dodging        | 3 4 5 6 7 |  7.3
Armour         | |  2.4

Action                   |  1- 3 |  4- 6 || total
-------------------------+-------+-------++-------
Melee: Hand axe          |     7 |    12 ||    19
       Headbutt          |     2 |     1 ||     3
Invok: Berserk           |     2 |     1 ||     3
 Abil: Evoke Invisibilit |       |     2 ||     2
Armor: Animal skin       |     1 |     2 ||     3
Dodge: Dodged            |     3 |    26 ||    29
